[Event "Late-Titled-Tuesday-Blitz-April-02-2024"]
[Site "Chess.com"]
[Date "2024.04.02"]
[Round "10"]
[White "steepedgames"]
[Black "chess_sharparchitect"]
[Result "1-0"]
[WhiteElo "2507"]
[BlackElo "2281"]
[TimeControl "180+1"]
[EndTime "15:53:11 PDT"]
[Termination "steepedgames won by resignation"]

1. d4 Nf6 2. Bg5 Ne4 3. Bf4 d5 4. c4 e6 5. f3 Bb4+ 6. Nd2 Nf6 7.
a3 Bd6 8. Bg5 h6 9. Bh4 O-O 10.
e3 c5 11. Bd3 cxd4 12. exd4 Nc6 13. Ne2 e5 14. cxd5 Nxd4 15. Nxd4 exd4 16. O-O Re8 17. Qa4 b6 18. Rac1 Bf4 19. Bxf6 gxf6 20. Ne4 Bxc1 21. Rxc1 Kg7 22. Qxd4 Bb7 23. d6 Bxe4 24.
Bxe4 Rc8 25. Rxc8 Qxc8 26. d7 Qc1+ 27. Kf2 Rd8 28. b4 Qxa3 29. Qd6 Qa2+ 30. Kf1 Qc4+ 31. Kf2 Qe6 32. Qg3+ Kh8 33. Qh4 Kg8 34. Qxh6 f5 35.
Qg5+ Kh7 36. Bxf5+ 1-0

[Event "Late-Titled-Tuesday-Blitz-April-02-2024"]
[Site "Chess.com"]
[Date "2024.04.02"]
[Round "10"]
[White "Charodej1"]
[Black "PNEPaul"]
[Result "1-0"]
[WhiteElo "2367"]
[BlackElo "1987"]
[TimeControl "180+1"]
[EndTime "15:53:13 PDT"]
[Termination "Charodej1 won by resignation"]

1. d4 a6 2. e4 d6 3. Nf3 g6 4. c3 h6 5. Bd3 Nd7 6. Qe2 Bg7 7.
a4 e5 8. a5 Ne7 9. Na3 O-O 10.
Nc4 f5 11. exf5 gxf5 12. dxe5 Nxe5 13. O-O Nxd3 14. Qxd3 Bd7 15. Be3 Bb5 16. Nd4 d5 17. Nxb5 axb5 18. Nd2 c6 19. Bc5 Re8 20. Rfe1 Qd7 21.
Nf3 Ng6 22. g3 Re4 23. b4 Rae8 24. Qd2 Ne5 25. Nxe5 R4xe5 26. Rxe5 Rxe5 27. f3 Qe6 28. Kf2 Bf6 29. Bd4 Kf7 30. Bxe5 Qxe5 31. Rc1 d4 32. cxd4 Qxd4+ 33. Qxd4 Bxd4+ 34. Ke2 Ke6 35. Kd3 Bb2 36.
Rc2 Ba3 37. Kc3 c5 38. bxc5 b4+ 39. Kb3 Kd5 40. g4 fxg4 41. fxg4 Kc6 42. h4 Kb5 43. g5 hxg5 44. hxg5 Kxa5 45. g6 1-0

[Event "Late-Titled-Tuesday-Blitz-April-02-2024"]
[Site "Chess.com"]
[Date "2024.04.02"]
[Round "10"]
[White "UK_23"]
[Black "lilylg"]
[Result "1-0"]
[WhiteElo "2402"]
[BlackElo "2221"]
[TimeControl "180+1"]
[EndTime "15:53:18 PDT"]
[Termination "UK_23 won by resignation"]

1. e4 c6 2. Nc3 d5 3. Nf3 Bg4 4. h3 Bxf3 5. Qxf3 e6 6. Be2 Nf6 7. O-O Nbd7 8. d4 dxe4 9. Nxe4 Nxe4 10. Qxe4 Nf6 11. Qd3 Be7 12. Rd1 O-O 13. a4 Qc7 14. a5 Rfd8 15. a6 b6 16. Qf3 Rac8 17. Bf4 Qd7 18.
Be5 Qd5 19. c4 Qxf3 20. Bxf3 Bd6 21. Bxf6 gxf6 22. g3 Be7 23. Kg2 f5 24. d5 cxd5 25.
cxd5 Bf6 26. d6 Bxb2 27. Rab1 Bf6 28. Bb7 Rc5 29. d7 Ra5 30. Rbc1 Rc5 31. Rxc5 bxc5 32. Bc8 c4 33. Rc1 c3 34. Kf3 Kf8 35. Ke3 Ke7 36.
Kd3 f4 37. g4 h5 38. f3 hxg4 39.
hxg4 Rh8 40. Rc2 Rh3 41. Ke4 Rh1 42. Kxf4 Rb1 43. Ke4 Rb2 44. Kd3 Rxc2 45. Kxc2 Kd8 46. f4 Kc7 47. g5 Be7 48. Kxc3 Kb6 49. Kd3 Kc7 50. Ke4 Bd6 51. f5 Ba3 52. fxe6 fxe6 53.
Ke5 Bc1 54. g6 1-0

[Event "Late-Titled-Tuesday-Blitz-April-02-2024"]
[Site "Chess.com"]
[Date "2024.04.02"]
[Round "10"]
[White "rhwr"]
[Black "sorch29"]
[Result "1-0"]
[WhiteElo "2312"]
[BlackElo "2415"]
[TimeControl "180+1"]
[EndTime "15:53:19 PDT"]
[Termination "rhwr won by resignation"]

1. e4 c5 2. Nf3 Nc6 3. d4 cxd4 4. Nxd4 Nf6 5. Nc3 e5 6. Ndb5 d6 7. Bg5 a6 8. Na3 b5 9. Nd5 Be7 10. Bxf6 Bxf6 11. c3 Bg5 12. Nc2 Rb8 13. g3 O-O 14.
h4 Bh6 15. Bd3 a5 16. O-O Be6 17. Nce3 Bxe3 18. Nxe3 Ne7 19. Qe2 Qb6 20. a3 Rfc8 21. Nf5 Nxf5 22. exf5 Bc4 23. Rad1 f6 24. Bxc4+ bxc4 25. Rd2 Rc6 26. Rfd1 Kh8 27. Qe4 Qc7 28. g4 Rcb6 29. g5 Rf8 30. g6 Kg8 31. Qd5+ Kh8 32.
h5 Rfb8 33. Qxa5 Qd7 34. Qd5 Qxf5 35. Qg2 Rxb2 36. Rxd6 Qc8 37. gxh7 Kxh7 38. Rd7 Qf8 39. Qg6+ Kh8 40. h6 R2b7 41. hxg7+ 1-0

[Event "Late-Titled-Tuesday-Blitz-April-02-2024"]
[Site "Chess.com"]
[Date "2024.04.02"]
[Round "10"]
[White "MaestroCheck"]
[Black "Heliosis11"]
[Result "1-0"]
[WhiteElo "2585"]
[BlackElo "2420"]
[TimeControl "180+1"]
[EndTime "15:53:21 PDT"]
[Termination "MaestroCheck won by resignation"]

1. e4 c5 2. Nc3 e6 3. d4 cxd4 4. Qxd4 Nc6 5. Qe3 Qc7 6. Qg3 Qxg3 7. hxg3 Nf6 8. f3 a6 9. g4 b5 10. a3 Bb7 11. Be3 d6 12. Nge2 Nd7 13. Kf2 Nde5 14.
b3 Rc8 15. Rc1 Be7 16. g5 f6 17. gxf6 Bxf6 18. Nb1 Kf7 19. Nd2 Ne7 20. Nd4 d5 21.
Be2 h6 22. f4 Nd7 23. e5 Nxe5 24. fxe5 Bxe5 25. Bg4 Bxd4 26. Bxd4 Nc6 27. Bh5+ Kg8 28.
Bb2 Rf8+ 29. Ke2 e5 30. Nf3 e4 31. Nd4 Ne5 32. Ne6 Rf5 33. g4 Rf6 34. Nd8 Bc8 35. Bxe5 Rf8 36. Rhf1 Rxd8 37. Rf7 Rh7 38. Bg6 Bxg4+ 39.
Ke3 Bh5 40. Bxh5 g5 41. Rxh7 Kxh7 42. Rf1 Rc8 43. Rf7+ Kg8 44. Rg7+ Kf8 45. c3 b4 46. axb4 Rd8 47. Bd4 Re8 1-0

[Event "Late-Titled-Tuesday-Blitz-April-02-2024"]
[Site "Chess.com"]
[Date "2024.04.02"]
[Round "10"]
[White "Caracal3000"]
[Black "RaugintaBulba"]
[Result "0-1"]
[WhiteElo "2537"]
[BlackElo "2447"]
[TimeControl "180+1"]
[EndTime "15:53:22 PDT"]
[Termination "RaugintaBulba won on time"]

1. e4 c5 2. Nf3 a6 3. Nc3 e6 4. d4 cxd4 5. Nxd4 b5 6. Bd3 Bb7 7. O-O Nc6 8. Nxc6 Bxc6 9. a3 Bd6 10.
h3 Ne7 11. Bxb5 axb5 12. Qxd6 Qb6 13. Be3 Qb7 14. Bc5 Nc8 15. Qg3 Rg8 16. Rad1 Bxe4 17.
Nxe4 Qxe4 18. Rfe1 Qc6 19. Bb4 g5 20. Rd3 f6 21.
Rc3 Qb7 22. Qg4 Kf7 23. Rd1 Nb6 24. Rc5 Na4 25. Qh5+ Rg6 26. Qxh7+ Rg7 27. Qh5+ Kg8 28. Qe2 Nxc5 29. Bxc5 Qc6 30. Bb4 d5 31. Re1 e5 32.
c3 Rc8 33. Qf3 d4 34. Qf5 Rd8 35. cxd4 Rxd4 0-1

[Event "Late-Titled-Tuesday-Blitz-April-02-2024"]
[Site "Chess.com"]
[Date "2024.04.02"]
[Round "10"]
[White "rasmussvane"]
[Black "Defend1r"]
[Result "1-0"]
[WhiteElo "2879"]
[BlackElo "2650"]
[TimeControl "180+1"]
[EndTime "15:53:23 PDT"]
[Termination "rasmussvane won by checkmate"]

1. Nf3 Nf6 2. g3 e6 3. Bg2 d5 4.
O-O Be7 5. c4 dxc4 6. Na3 Bxa3 7.
bxa3 a6 8. Qc2 b5 9. Ne5 Nd5 10. d3 cxd3 11. Nxd3 O-O 12. Bb2 Nd7 13. Rac1 Ra7 14.
Bd4 N7b6 15. Rfd1 h6 16. e4 Ne7 17. Ne5 Qe8 18. Bc5 Rb7 19. Rd3 Na4 20. Bxe7 Qxe7 21. Nc6 Qg5 22. h4 Qh5 23. Bf3 Qc5 24. Qxc5 Nxc5 25.
Rxc5 e5 26. Ne7+ Kh8 27. Nxc8 Rxc8 28. Bg4 Rf8 29. Rd7 b4 30. Rcxc7 Rxc7 31. Rxc7 bxa3 32. Ra7 g6 33. Rxa6 Rd8 34. Rxa3 Rd4 35. Bf3 Kg7 36. Ra5 Kf6 37. a4 Rd3 38. Ra6+ Ke7 39. Kg2 Ra3 40.
a5 Ra4 41. Ra7+ Ke6 42. a6 f5 43. exf5+ gxf5 44. Bc6 Ra5 45. Ra8 Kd6 46. Bb7 f4 47. gxf4 exf4 48. Kf3 Ra2 49. Re8 Kc7 50. Re6 h5 51. Re5 Ra3+ 52. Kxf4 Ra4+ 53. Kg5 Rg4+ 54. Kxh5 Rg1 55. f4 Kd6 56. a7 Rg7 57. a8=Q Rxb7 58.
Qa6+ Kc7 59. Re7+ Kd8 60. Qd6+ Kc8 61. Re8# 1-0

[Event "Late-Titled-Tuesday-Blitz-April-02-2024"]
[Site "Chess.com"]
[Date "2024.04.02"]
[Round "10"]
[White "Cambek64"]
[Black "egnfanclub"]
[Result "1-0"]
[WhiteElo "2504"]
[BlackElo "2371"]
[TimeControl "180+1"]
[EndTime "15:53:25 PDT"]
[Termination "Cambek64 won on time"]

1. e4 e5 2. Nf3 Nc6 3. Bb5 a6 4. Bxc6 dxc6 5. d4 exd4 6. Qxd4 Qxd4 7. Nxd4 Bd7 8. Be3 O-O-O 9. Nd2 Re8 10. O-O-O c5 11.
Ne2 Bc6 12. Nc3 Ne7 13. f3 b6 14. Rhe1 g6 15. Nc4 Bg7 16. Bf4 f5 17. exf5 Nxf5 18. Ne3 Nd4 19. Ng4 b5 20. Be5 Rhg8 21. Bxg7 Rxe1 22.
Rxe1 Rxg7 23. Re5 c4 24. Ne4 h5 25. Ngf6 Ne2+ 26. Kd2 Nf4 27. g3 Nh3 28. Ke3 Rf7 29. f4 h4 30. g4 Bxe4 31. Nxe4 Rxf4 32. g5 Rf1 33. Re8+ Kb7 34. Rh8 Nf4 35. Kd4 h3 36. Rh6 Rh1 37. Ke5 1-0

[Event "Late-Titled-Tuesday-Blitz-April-02-2024"]
[Site "Chess.com"]
[Date "2024.04.02"]
[Round "10"]
[White "APOKALIPSA13"]
[Black "grandcoach"]
[Result "1-0"]
[WhiteElo "2321"]
[BlackElo "2274"]
[TimeControl "180+1"]
[EndTime "15:53:26 PDT"]
[Termination "APOKALIPSA13 won on time"]

1. e4 c5 2. Nf3 Nc6 3. d4 cxd4 4. Nxd4 e5 5. Nxc6 bxc6 6. Bc4 Nf6 7. Qe2 d5 8. exd5 cxd5 9. Bb5+ Bd7 10. Qxe5+ Be7 11. Bxd7+ Qxd7 12. O-O O-O 13. Nc3 Bd6 14. Qd4 Rac8 15.
h3 Rc4 16. Qd3 Rfc8 17. Bg5 Ne4 18. Bd2 Nxd2 19. Qxd2 Bb4 20. Qxd5 Qc7 21. Nb5 Qb6 22. c3 R4c5 23. Qd6 Rxb5 24. cxb4 Qxd6 25. a3 Qc5 26. bxc5 Rxb2 27. Rfc1 Kf8 28. a4 Ke7 29.
Ra3 Rd2 30. a5 Kd7 31. Rb3 Kc6 32. a6 Rd5 33. Rb7 Rc7 34. Rcb1 Rxc5 35. Rxc7+ Kxc7 36. Rb7+ Kc6 37. Rxa7 Ra5 38. Rxf7 Rxa6 39. Rxg7 1-0

[Event "Late-Titled-Tuesday-Blitz-April-02-2024"]
[Site "Chess.com"]
[Date "2024.04.02"]
[Round "10"]
[White "ProfessorChess101"]
[Black "romulocardoso"]
[Result "1-0"]
[WhiteElo "2743"]
[BlackElo "2412"]
[TimeControl "180+1"]
[EndTime "15:53:26 PDT"]
[Termination "ProfessorChess101 won by resignation"]

1. c4 c5 2. Nf3 Nc6 3. Nc3 g6 4. e3 Bg7 5. b3 Nf6 6. Bb2 O-O 7. Be2 d5 8. cxd5 Nxd5 9. O-O Bf5 10. Rc1 Ndb4 11. e4 Bxe4 12. Nxe4 Bxb2 13. Rxc5 f5 14.
Neg5 Qd6 15. Rc4 h6 16. Nh3 b5 17. Rh4 Bf6 18. Bxb5 Bxh4 19. Nxh4 g5 20. Bc4+ Kh7 21. Re1 e5 22. Qh5 Qf6 23. Nf3 Rg8 24. Bxg8+ Rxg8 25.
Nhxg5+ Rxg5 26. Nxg5+ Qxg5 27. Qf7+ Kh8 28. h4 Qxd2 29. Qf8+ Kh7 30. Qxf5+ Kh8 31. Qf8+ Kh7 32. Qf7+ Kh8 33. Re3 Qd5 34. Qf6+ Kh7 35. Rg3 Qd1+ 36. Kh2 1-0

[Event "Late-Titled-Tuesday-Blitz-April-02-2024"]
[Site "Chess.com"]
[Date "2024.04.02"]
[Round "10"]
[White "vladgoncharov"]
[Black "Evgeny81"]
[Result "1-0"]
[WhiteElo "2594"]
[BlackElo "2750"]
[TimeControl "180+1"]
[EndTime "15:53:27 PDT"]
[Termination "vladgoncharov won on time"]

1. d4 Nf6 2. c4 g6 3. Nc3 Bg7 4. e4 d6 5. h3 O-O 6. Be3 c5 7. d5 e6 8. Bd3 exd5 9. exd5 Re8 10. Nge2 Rxe3 11. fxe3 Nbd7 12. O-O Ne5 13. Nf4 Bd7 14. Qd2 Qe7 15. Rae1 Re8 16. e4 Bh6 17. Qd1 Bc8 18. b3 Bg5 19. Bc2 h5 20. Nd3 Nfd7 21. Nxe5 Nxe5 22. Ne2 Be3+ 23. Kh1 Qh4 24. Ng1 Bf4 25.
Rxf4 Qxf4 26. Rf1 Qg3 27. Nf3 Kg7 28. Nxe5 Rxe5 29. Rf3 Qg5 30. Kh2 Qh4 31. Qf1 f6 32. Rf4 Qg5 33. h4 Qh6 34. Rxf6 Re7 35. Rxd6 Rf7 36.
Qe1 Bg4 37. Qg3 Qd2 38. Qe5+ Kh7 39. Qg5 Qxg5 40. hxg5 Rf2 41. Bd3 1-0

[Event "Late-Titled-Tuesday-Blitz-April-02-2024"]
[Site "Chess.com"]
[Date "2024.04.02"]
[Round "10"]
[White "ricaurtelopezj1955"]
[Black "JACK_BAU3R"]
[Result "0-1"]
[WhiteElo "2146"]
[BlackElo "1896"]
[TimeControl "180+1"]
[EndTime "15:53:27 PDT"]
[Termination "JACK_BAU3R won on time"]

1. e4 c5 2. d4 cxd4 3. c3 dxc3 4. Nxc3 Nc6 5. Bc4 d6 6. Nf3 a6 7. e5 dxe5 8. Qxd8+ Nxd8 9. Nxe5 Be6 10. Nd5 Rc8 11. Bb3 Nf6 12. Nb6 Rc5 13. Bf4 Bxb3 14. axb3 e6 15.
Rd1 Nh5 16. g3 g5 17. Rxd8+ Kxd8 18. Nxf7+ Ke8 19. Nxh8 gxf4 20. O-O Bg7 21. Re1 Rc6 22. Nc4 Bxh8 23. g4 Nf6 24. h3 Nd7 25. Kg2 Ke7 26. Kf3 e5 27. g5 b5 28. Nd2 Rc2 29. Ne4 Rxb2 30. h4 Rxb3+ 31. Kg4 Ke6 32. Rd1 Rb4 33.
Nd6 Rd4 0-1

[Event "Late-Titled-Tuesday-Blitz-April-02-2024"]
[Site "Chess.com"]
[Date "2024.04.02"]
[Round "10"]
[White "ameetghasi100"]
[Black "rdarruda"]
[Result "1-0"]
[WhiteElo "2777"]
[BlackElo "2483"]
[TimeControl "180+1"]
[EndTime "15:53:28 PDT"]
[Termination "ameetghasi100 won on time"]

1. b3 e5 2. Bb2 Nc6 3. e3 Nf6 4.
c4 d6 5. Nc3 Be7 6. h3 O-O 7.
g4 Be6 8. Bg2 h6 9. Nge2 d5 10.
cxd5 Nxd5 11. O-O Re8 12. a3 Qd7 13. b4 a6 14. Ng3 g6 15. Qc2 Rad8 16. Rad1 Bf8 17. Nce4 b6 18. Rc1 Nce7 19. Bxe5 f5 20. Nf6+ Nxf6 21. Bxf6 fxg4 22. Bxe7 Qxe7 23. Qxg6+ Qg7 24.
Qxg7+ Bxg7 25. d4 gxh3 26. Bc6 Rf8 27. f4 Bg4 28. Bf3 Bxf3 29. Rxf3 Rc8 30. Nh5 Bh8 31. Rxh3 c5 32. bxc5 bxc5 33. dxc5 Rf5 34. c6 Bb2 35.
Rc4 Bxa3 36. e4 Rc5 37. Ra4 Bc1 38. e5 R8xc6 39. Nf6+ Kg7 40. Rg3+ Kf7 41. Ne4 Rd5 42. Nd6+ Kf8 43. Rb4 Rd1+ 44. Kg2 Rc2+ 45. Kh3 Rh1+ 46.
Kg4 Ke7 47. Kf5 Kd7 48. Rd4 Kc6 49. e6 Re1 50. Ne4 Rf1 51. Nf6 Rcf2 52. Nd5 Kc5 53. Rgd3 Re1 54. Rd1 Rxd1 55. Rxd1 Bb2 56. Re1 Rd2 57.
Nf6 Bxf6 58. Kxf6 1-0

[Event "Late-Titled-Tuesday-Blitz-April-02-2024"]
[Site "Chess.com"]
[Date "2024.04.02"]
[Round "10"]
[White "shimastream"]
[Black "LiemLe"]
[Result "1-0"]
[WhiteElo "3042"]
[BlackElo "3030"]
[TimeControl "180+1"]
[EndTime "15:53:29 PDT"]
[Termination "shimastream won by resignation"]

1. e4 c5 2. d4 cxd4 3. Qxd4 Nc6 4. Qd3 g6 5. Nc3 Bg7 6. Nf3 Nf6 7. Be2 O-O 8. O-O d6 9. Nd5 Nd7 10. c3 Nc5 11. Qc2 e6 12. Ne3 f5 13. exf5 gxf5 14. Rd1 Qe7 15. Nf1 f4 16. b4 Nd7 17. Bb2 Nf6 18. b5 Nd8 19. c4 b6 20. Ba3 Nf7 21. Nd4 Bb7 22. Bf3 Bxf3 23. gxf3 Nd7 24. Kh1 Nde5 25.
Nd2 Rac8 26. Rg1 Kh8 27. Rae1 Rfe8 28. Bb2 Qh4 29. Rg2 Ng5 30. Nc6 Ng6 31. Bxg7+ Kxg7 32. Ne4 Nxf3 33. Qc3+ Ne5 34. Nxe5 dxe5 35. Qxe5+ Kh6 36.
Qc3 Red8 37. Ng5 e5 38. Nf7+ Kg7 39. Nxd8 Rxd8 40. Qxe5+ Kh6 41. Qf5 Rd2 42. Reg1 Qh5 43. Rxg6+ hxg6 44. Qxf4+ Kh7 45. Qxd2 Qf3+ 46. Rg2 Qf5 47.
h3 Qe6 48. Rg4 Qf5 49. Kg2 1-0

[Event "Late-Titled-Tuesday-Blitz-April-02-2024"]
[Site "Chess.com"]
[Date "2024.04.02"]
[Round "10"]
[White "stasOR4ik"]
[Black "ninguno46"]
[Result "1-0"]
[WhiteElo "2460"]
[BlackElo "2579"]
[TimeControl "180+1"]
[EndTime "15:53:29 PDT"]
[Termination "stasOR4ik won on time"]

1. e4 c5 2. c3 d5 3. exd5 Qxd5 4. Nf3 g6 5. d4 Bg7 6. Be3 Nf6 7. Na3 cxd4 8. Nxd4 O-O 9. Qb3 Qe4 10. Nab5 Na6 11.
Be2 Qxg2 12. Bf3 Qh3 13. Rg1 e5 14. Rg3 Qxh2 15. Ne2 e4 16. Bg2 Nh5 17. Rg5 h6 18. Rxg6 Kh7 19. Rxg7+ Nxg7 20. Bxe4+ f5 21. Bf3 Qh3 22.
Qd5 Be6 23. Qxb7 Rab8 24. Qxa6 Qxf3 25. Nbd4 Qh1+ 26. Kd2 Rxb2+ 27. Nc2 Qe4 28. Nd4 f4 29. Kc1 fxe3 30. Kxb2 exf2 31. Rf1 Rb8+ 32. Ka1 Bh3 33.
Rxf2 Qh1+ 34. Rf1 Bxf1 35. Qc6 Bg2+ 36. Ne1 1-0

[Event "Late-Titled-Tuesday-Blitz-April-02-2024"]
[Site "Chess.com"]
[Date "2024.04.02"]
[Round "10"]
[White "BillCoe"]
[Black "chessydotcom"]
[Result "0-1"]
[WhiteElo "2132"]
[BlackElo "2303"]
[TimeControl "180+1"]
[EndTime "15:53:31 PDT"]
[Termination "chessydotcom won by resignation"]

1. e4 c5 2. Nf3 e6 3. d4 cxd4 4.
Nxd4 Nf6 5. Bd3 Nc6 6. Nb3 d5 7.
exd5 exd5 8. O-O Be7 9. Re1 O-O 10. Nc3 Bg4 11. Be2 Bxe2 12. Qxe2 Re8 13. Qd1 d4 14. Ne4 Nxe4 15. Rxe4 Bf6 16. Qe2 Qd7 17. Bf4 Rxe4 18.
Qxe4 Re8 19. Qd3 Nb4 20. Qd2 Nd5 21. Bg3 Qe6 22. h3 Qe2 23. Rd1 Qxd2 24. Rxd2 Nb4 25. Nxd4 Rd8 26. c3 Nxa2 27. Bf4 Bxd4 28. cxd4 Nb4 29. Kf1 Kf8 30. Ke2 Ke7 31. Be3 Ke6 32. Rd1 Rc8 33. Rc1 Rxc1 34. Bxc1 Kd5 35. Be3 Nc2 36.
Kd2 Nxd4 37. Kd3 Nc6 38. f4 f5 39. g4 g6 40. b3 b5 41. Bf2 a5 42. Be1 a4 43. bxa4 bxa4 44. Bc3 a3 45. gxf5 gxf5 46. h4 h5 47. Bf6 a2 48. Ba1 Nb4+ 49. Kc3 Nc6 50. Kd3 Na5 51. Kc3 Ke4 52. Kb4 Nc6+ 53. Kb3 Kxf4 54. Kxa2 Kg4 55. Bf6 f4 56. Kb3 f3 0-1

[Event "Late-Titled-Tuesday-Blitz-April-02-2024"]
[Site "Chess.com"]
[Date "2024.04.02"]
[Round "10"]
[White "Laico"]
[Black "Fh2411"]
[Result "0-1"]
[WhiteElo "2394"]
[BlackElo "2559"]
[TimeControl "180+1"]
[EndTime "15:53:34 PDT"]
[Termination "Fh2411 won by checkmate"]

1. e4 c6 2. d4 d5 3. f3 e6 4. Nc3 Nf6 5. Bf4 a6 6. Qd3 b5 7. O-O-O Bb7 8. h4 a5 9. exd5 Nxd5 10. Nxd5 Qxd5 11. Kb1 Nd7 12. Ne2 b4 13. Qe3 Nb6 14. Be5 Nc4 15. Qf2 Nxe5 16. Nf4 Qd8 17. Re1 Ng6 18. Nd3 Bd6 19. h5 Ne7 20. h6 g6 21. g4 Ba6 22. d5 Nxd5 23. Ne5 Bxe5 24.
Rxe5 Bxf1 25. Rxf1 O-O 26. Qd4 c5 27. Qxc5 Ne7 28. Qe3 Qd7 29. Rc5 Nd5 30. Qd4 f6 31. Rd1 Rf7 32. g5 Qe7 33. c4 bxc3 34. bxc3 Rb8+ 35.
Ka1 Qb7 36. c4 Nb4 37. Rc1 Nc2+ 38. Rxc2 Qb1# 0-1

[Event "Late-Titled-Tuesday-Blitz-April-02-2024"]
[Site "Chess.com"]
[Date "2024.04.02"]
[Round "10"]
[White "teresin05"]
[Black "kleber2007"]
[Result "1/2-1/2"]
[WhiteElo "2277"]
[BlackElo "2447"]
[TimeControl "180+1"]
[EndTime "15:53:36 PDT"]
[Termination "Game drawn - insufficient material"]

1. e4 c6 2. d4 d5 3. Nc3 dxe4 4. Nxe4 Bf5 5. Ng3 Bg6 6. h4 h6 7. Nf3 Nd7 8. Bd3 Bxd3 9. Qxd3 e6 10. Bd2 Ngf6 11.
O-O-O Qc7 12. Ne4 Nxe4 13. Qxe4 Bd6 14. g3 O-O-O 15. c4 c5 16. Bc3 Nf6 17. Qe2 Kb8 18. Kb1 cxd4 19. Bxd4 Rhe8 20. Rhe1 Ka8 21. Ne5 Bxe5 22. Bxe5 Qc6 23. Bxf6 gxf6 24. b3 f5 25. Qe3 h5 26. Qe2 Qg2 27. Rd2 a6 28. Red1 Rxd2 29. Rxd2 Qe4+ 30. Qxe4 fxe4 31. Rd7 f5 32. Rh7 e5 33.
Kc2 f4 34. Rxh5 Rf8 35. Rxe5 e3 36. f3 fxg3 37. Rxe3 g2 38. Re1 Rxf3 39. Rg1 Rf2+ 40. Kc3 Rxa2 41. h5 Ra5 42. h6 Rh5 43. Rxg2 Rxh6 44.
Kb4 Ka7 45. Rg7 Rf6 46. Ka5 Rf5+ 47. Ka4 Rf6 48. c5 Rh6 49. b4 Rf6 50. b5 axb5+ 51.
Kxb5 Rc6 52. Rd7 Ra6 53. Rc7 Rh6 54. Re7 Ra6 55. Re2 Rc6 56. Ra2+ Kb8 57. Rf2 Ka7 58. Rf4 Ra6 59. Rf7 Rc6 60. Rd7 Ra6 61. Rc7 Rg6 62.
c6 Rxc6 63. Rxc6 bxc6+ 64. Kxc6 1/2-1/2

[Event "Late-Titled-Tuesday-Blitz-April-02-2024"]
[Site "Chess.com"]
[Date "2024.04.02"]
[Round "10"]
[White "carloseduar100"]
[Black "Mikhal867"]
[Result "0-1"]
[WhiteElo "2249"]
[BlackElo "2533"]
[TimeControl "180+1"]
[EndTime "15:53:37 PDT"]
[Termination "Mikhal867 won by checkmate"]

1. d4 Nf6 2. Bg5 Ne4 3. h4 c5 4. d5 g6 5. Nd2 Nxg5 6. hxg5 h5 7. gxh6 Bxh6 8. Nh3 d6 9. g3 Nd7 10. Bg2 Ne5 11. Nf3 Nxf3+ 12. exf3 Qb6 13. O-O Qxb2 14.
Re1 Qf6 15. c4 O-O 16. Rb1 b6 17. Qe2 Re8 18. f4 Ba6 19. Rb3 Rab8 20. Re3 Kf8 21.
Ra3 Bc8 22. Rxa7 e5 23. fxe5 Rxe5 24. Qd1 b5 25. Rxe5 Qxe5 26. cxb5 Rxb5 27. Ra8 Qf5 28. Qe2 Rb1+ 29. Kh2 Kg7 30. Qe8 Ra1 31. Rxc8 Kf6 32.
Qd8+ Ke5 33. Qe8+ Kd4 34. Nf4 Bxf4 35. gxf4 Qxf4+ 36. Kh3 Qf5+ 37. Kg3 Qg5+ 38. Kf3 Qf5+ 39. Kg3 Qg5+ 40. Kf3 Qf5+ 41. Ke2 Rxa2+ 42. Kf1 Qxf2# 0-1

[Event "Late-Titled-Tuesday-Blitz-April-02-2024"]
[Site "Chess.com"]
[Date "2024.04.02"]
[Round "10"]
[White "azikom"]
[Black "ural58"]
[Result "1-0"]
[WhiteElo "2657"]
[BlackElo "2477"]
[TimeControl "180+1"]
[EndTime "15:53:37 PDT"]
[Termination "azikom won by resignation"]

1. d4 d5 2. Bf4 Nf6 3. e3 c5 4. c3 Qb6 5. Qb3 c4 6. Qc2 g6 7. Nd2 Bf5 8. Qc1 Nc6 9. b3 cxb3 10. axb3 Bg7 11. Ngf3 O-O 12. Be2 Nd7 13. O-O e5 14. Bg3 Rfe8 15. Re1 a6 16. h3 Rac8 17.
Qb2 h5 18. b4 Na7 19. Nb3 Be4 20. Nfd2 Bf5 21. Bf3 Be6 22. Reb1 Qb5 23. Nc5 e4 24. Bd1 Nxc5 25. bxc5 Qxb2 26. Rxb2 Re7 27. Ba4 f5 28. Bd6 Rf7 29. Rab1 Bd7 30. Bxd7 Rxd7 31. Rxb7 Rxb7 32. Rxb7 Nb5 33. c4 Nxd6 34. cxd6 dxc4 35. d7 Rd8 36.
Nxc4 Bf6 37. Nb6 Kf7 38. Ra7 Rb8 39. Rxa6 Bd8 40. Nc4 Ke7 41. Ne5 Rb1+ 42. Kh2 Bc7 43. Rxg6 Bxe5+ 44. dxe5 Kxd7 45. Rf6 Rf1 46. Rxf5 Ke6 47.
g4 hxg4 48. hxg4 1-0

[Event "Late-Titled-Tuesday-Blitz-April-02-2024"]
[Site "Chess.com"]
[Date "2024.04.02"]
[Round "10"]
[White "nabukatnezarr"]
[Black "Kirill_Klukin"]
[Result "0-1"]
[WhiteElo "2631"]
[BlackElo "2787"]
[TimeControl "180+1"]
[EndTime "15:53:38 PDT"]
[Termination "Kirill_Klukin won on time"]

1. Nf3 e6 2. g3 d5 3. Bg2 Nf6 4. O-O Be7 5. d3 O-O 6. Nbd2 c5 7. e4 Nc6 8. Re1 Qc7 9. Nf1 dxe4 10. dxe4 Rd8 11.
Bd2 b6 12. Qc1 Bb7 13. Bf4 Qc8 14. e5 Nd5 15. Bg5 Nd4 16. Nxd4 Bxg5 17. Qxg5 cxd4 18. Rac1 Nb4 19. Bxb7 Qxb7 20. a3 Nc6 21. Red1 Rd5 22. f4 Rad8 23. Rd3 Ne7 24. Rcd1 h6 25. Qg4 Nf5 26.
Qf3 Qc7 27. Qf2 Qc5 28. Qe2 Rc8 29. R1d2 Qb5 30. g4 Ne7 31. b4 Qc4 32. Ng3 Ng6 33. Qf3 Qa2 34. Qf2 Qb1+ 35. Kg2 Rc3 36. Ne4 Rxd3 37.
Rxd3 Qc1 38. Kg3 Qb2 39. Nd6 Ne7 40. Qd2 Qa1 41. Qf2 Nc6 42. Ne4 a5 43. bxa5 Nxa5 44. Nd2 Qb2 45. Nf3 Nc6 0-1

[Event "Late-Titled-Tuesday-Blitz-April-02-2024"]
[Site "Chess.com"]
[Date "2024.04.02"]
[Round "10"]
[White "katharinareinecke"]
[Black "gorgeous1083"]
[Result "0-1"]
[WhiteElo "2016"]
[BlackElo "2251"]
[TimeControl "180+1"]
[EndTime "15:53:38 PDT"]
[Termination "gorgeous1083 won on time"]

1. d4 Nf6 2. c4 e6 3. Nf3 d5 4. g3 Be7 5. Bg2 c6 6. O-O O-O 7. b3 Nbd7 8. Bb2 b6 9. cxd5 cxd5 10. Nc3 Ba6 11. Re1 Rc8 12. Rc1 Bb4 13. a3 Bxc3 14.
Bxc3 Ne4 15. Bb2 Qe7 16. b4 Rxc1 17. Qxc1 Rc8 18. Qe3 Rc4 19. Nd2 Nxd2 20. Qxd2 Nf6 21. Rc1 Qc7 22. e3 h6 23. a4 Rxc1+ 24. Qxc1 Bc4 25.
b5 Qb7 26. Ba3 Qc8 27. Bf1 Ne4 28. Bxc4 Qxc4 29. Qxc4 dxc4 30. a5 c3 31. axb6 axb6 32. Kf1 Nd2+ 33. Ke2 Nc4 34. Bc1 Nb2 35. f4 Kf8 36. e4 Ke7 37. Ke3 Kd6 38. f5 exf5 39.
exf5 Kd5 40. h4 Kc4 41. g4 Kxb5 42. d5 Kc5 43. d6 Kxd6 44. Kd4 Na4 45. Kc4 Kc6 46.
Kb4 b5 47. g5 hxg5 48. hxg5 g6 49. fxg6 fxg6 50. Be3 Nb6 51. Bc1 Nd5+ 52. Kb3 Kc5 53. Kc2 Kc4 0-1

[Event "Late-Titled-Tuesday-Blitz-April-02-2024"]
[Site "Chess.com"]
[Date "2024.04.02"]
[Round "10"]
[White "maracayo"]
[Black "giovannibrandao7"]
[Result "0-1"]
[WhiteElo "2357"]
[BlackElo "2203"]
[TimeControl "180+1"]
[EndTime "15:53:43 PDT"]
[Termination "giovannibrandao7 won by checkmate"]

1. e4 c5 2. Nc3 d6 3. g3 Nc6 4.
Bg2 g6 5. Nge2 Bg7 6. O-O e5 7. Nd5 Nge7 8. c3 h6 9. f4 O-O 10. f5 gxf5 11. d3 fxe4 12. dxe4 f5 13. exf5 Bxf5 14.
h3 Kh7 15. Be3 Bg6 16. Qd2 Nxd5 17. Bxd5 Qd7 18. g4 Ne7 19. Bg2 b6 20. Bxa8 Rxa8 21. Ng3 d5 22. Rad1 d4 23. Qg2 Qd5 24. Qxd5 Nxd5 25.
Bd2 e4 26. c4 Ne7 27. Nf5 Nxf5 28. gxf5 Bh5 29. Rde1 e3 30. Bc1 Be5 31. Kh1 Rg8 32. f6 Rf8 33. Rf5 Bg3 34. Rg1 e2 35. Rxh5 e1=Q 36.
Rf1 Qxf1# 0-1

[Event "Late-Titled-Tuesday-Blitz-April-02-2024"]
[Site "Chess.com"]
[Date "2024.04.02"]
[Round "10"]
[White "Mariia89"]
[Black "MasterSonnevanck23"]
[Result "0-1"]
[WhiteElo "2264"]
[BlackElo "2395"]
[TimeControl "180+1"]
[EndTime "15:53:44 PDT"]
[Termination "MasterSonnevanck23 won on time"]

1. d4 Nf6 2. Nf3 c5 3. d5 d6 4.
Nc3 Qa5 5. Bd2 b5 6. Ne4 Qa4 7. Nxf6+ gxf6 8. e3 a6 9. b3 Qe4 10. Bd3 Qxd5 11. e4 Qh5 12. c4 bxc4 13. Bxc4 Bb7 14. Qe2 Nd7 15. h3 Ne5 16. Nxe5 Qxe2+ 17. Kxe2 fxe5 18.
f3 h5 19. h4 Bh6 20. Bxh6 Rxh6 21. Ke3 e6 22. g4 d5 23. exd5 exd5 24. Bd3 d4+ 25.
Kf2 hxg4 26. fxg4 Bxh1 27. Rxh1 Ke7 28. g5 Rh5 29. Be2 Rhh8 30. Bf3 Rac8 31. Bd5 Rcd8 32.
Bc4 e4 33. h5 e3+ 34. Kf3 Rdg8 35. Kf4 Rg7 36. Bd3 a5 37. h6 Rgg8 38. h7 Rg6 39. Rh6 Rxh6 40. gxh6 e2 41. Bxe2 Rxh7 42. Kg5 Rh8 43. Bd3 Ke6 0-1